 Dungeon Crawl Stone Soup version 0.28-a0-941-g140ffa10cf (webtiles) character file.

Game seed: 16917692635737360420

896 night the Magician (level 7, -7/37 HPs)
             Began as a Spriggan Conjurer on Nov 29, 2021.
             Mangled by a troll (13 damage)
             ... on level 5 of the Dungeon.
             The game lasted 00:13:51 (6464 turns).

night the Magician (Spriggan Conjurer)              Turns: 6464, Time: 00:13:52

Health: -7/37      AC:  2    Str:  4    XL:     7   Next: 78%
Magic:  7/17       EV: 17    Int: 21    God:
Gold:   183        SH:  0    Dex: 13    Spells: 7/18 levels left

rFire   . . .      SeeInvis +   q - +0 rapier
rCold   + . .      Faith    .   (shield restricted)
rNeg    . . .      Spirit   .   a - +0 robe
rPois   .          Reflect  .   (helmet restricted)
rElec   .          Harm     .   (no cloak)
rCorr   .          Rampage  .   (gloves unavailable)
Will    +....                   (boots unavailable)
Stlth   ++........              (no amulet)
HPRegen 0.12/turn               g - ring of protection from cold
MPRegen 0.15/turn               (no ring)

@: very quick
A: very small, no large weapons, unfitting armour, see invisible, speed 3
a: no special abilities


You were on level 5 of the Dungeon.
You visited 1 branch of the dungeon, and saw 5 of its levels.

You collected 183 gold pieces.

Inventory:

Hand Weapons
 f - a +1 short sword
 q - a +0 rapier (weapon)
Missiles
 b - 116 stones
 d - 5 poisoned darts
 j - 29 arrows
 n - 2 boomerangs
 o - 30 bolts
Armour
 a - a +0 robe (worn)
Jewellery
 g - a ring of protection from cold (left hand)
Scrolls
 k - a scroll of teleportation
Potions
 c - 2 potions of curing
 e - 4 potions of attraction
 h - a potion of flight {unknown}
 i - a potion of haste {unknown}
 l - a potion of degeneration {unknown}
 m - a potion of heal wounds {unknown}
 p - a potion of cancellation {unknown}


   Skills:
 + Level 3.6 Fighting
 - Level 2.6 Dodging
 - Level 3.0 Stealth
 + Level 6.1 Spellcasting
 + Level 4.6 Conjurations
 - Level 3.0 Hexes
 - Level 3.0 Translocations


You had 7 spell levels left.
You knew the following spells:

 Your Spells              Type           Power      Damage    Failure   Level
a - Magic Dart            Conj           100%       1d8       1%          1
b - Searing Ray           Conj           52%        2d6       2%          2
c - Iskenderun's Mystic   Conj/Tloc      22%        2d6       21%         4
d - Fulminant Prism       Conj/Hex       11%        3d9       21%         4

Your spell library contained the following spells:

 Spells                   Type           Power      Damage    Failure   Level
 Dazzling Flash           Conj/Hex       44%        N/A       6%          3
 Passwall                 Tmut/Erth      5%         N/A       14%         2
 Wereblood                Tmut           6%         N/A       14%         2
 Ignite Poison            Fire/Tmut/Pois 6%         N/A       28%         3
 Spider Form              Tmut/Pois      6%         N/A       28%         3
 Swiftness                Air            6%         N/A       28%         3
 Lee's Rapid Deconstruct  Erth           3%         3d6*      95%         5
 Necromutation            Tmut/Necr      3%         N/A       100%        8


Dungeon Overview and Level Annotations

Branches:
Dungeon (5/15)
 Temple: D:4-7

Altars:
Kikubaaqudgha

Shops:
D:1 *?[   D:5 :


Innate Abilities, Weirdness & Mutations

You are very small and have problems with some larger weapons.
You are too small for most types of armour.
You have supernaturally acute eyesight. (SInv)
You cover ground extremely quickly. (Speed+++)


Message History

Casting: Iskenderun's Mystic Blast (quite dangerous; 21% risk of failure)
Confirm with . or Enter, or press ? or * to list all spells.
The spell is quite dangerous to miscast (21% risk of failure)!
Continue anyway?
Aiming: Fulminant Prism (quite dangerous; 21% risk of failure)
Press: ? - help, Dir - move target, p - troll You miscast Fulminant Prism.
You are very lightly contaminated with residual magic.
You feel a bit tired.
You feel yourself slow down.
A troll is nearby!
A troll is nearby!
You feel yourself speed up.
Your magical contamination has completely faded away.
You now have 183 gold pieces (gained 10).
Unknown command.
Unknown command.
Throw: 10 darts (poison)
Press: ? - help, Shift-Dir - straight line, f - troll
Aim: a troll (57% to hit)
You throw a poisoned dart. The poisoned dart hits the troll.
Throw: 9 darts (poison)
Press: ? - help, Shift-Dir - straight line, f/p - troll
Aim: a troll (57% to hit)
You throw a poisoned dart.
The poisoned dart completely misses the troll.
Throw: 8 darts (poison)
Press: ? - help, Shift-Dir - straight line, f/p - troll
Aim: a troll (57% to hit)
You throw a poisoned dart.
The poisoned dart closely misses the troll.
Throw: 7 darts (poison)
Press: ? - help, Shift-Dir - straight line, f/p - troll
Aim: a troll (57% to hit)
You throw a poisoned dart.
The poisoned dart barely misses the troll.
Throw: 6 darts (poison)
Press: ? - help, Shift-Dir - straight line, f/p - troll
Aim: a troll (57% to hit)
You throw a poisoned dart. The poisoned dart hits the troll.
The troll bites you!
You die...

#.#### #≈≈≈≈≈# #.# #....#
#≈≈∩≈≈# #.# ########T#
#≈≈.≈≈######.#
.......#.######≈.≈........#
#..................†.#
#...##############...#
#...##############)..#
#....(....T..........#
##..#######@##.###..##
#..........##.# #..#
#.###########O# #..# #.#
#.5# #..# ..# #.## #..#
#### #.# #..#
#.......O5....
#.####(####... #.#


You could see a troll.

Vanquished Creatures
  Eustachio (D:4)
  A water moccasin (D:4)
  A sky beast (D:5)
  An ogre (D:5)
  A phantom (D:5)
  A jelly (D:5)
  3 orc wizards (D:4)
  A scorpion zombie (D:5)
  6 gnolls (D:3)
  A howler monkey skeleton (D:4)
  11 adders
  An ufetubus (D:5)
  A worm (D:4)
  2 dart slugs (D:3)
  6 orcs (D:4)
  10 ball pythons
  6 bats
  5 endoplasms
  4 giant cockroaches
  2 goblins
  8 hobgoblins
  8 jackals
  7 quokkas
  18 frilled lizards
  7 kobolds
  7 rats
120 creatures vanquished.

Vanquished Creatures (others)
  3 fulminant prisms
  4 plants (D:3)
  5 withered plants (D:3)
12 creatures vanquished.

Grand Total: 132 creatures vanquished

Notes
Turn   | Place    | Note
-------+----------+-------------------------------------------
     0 | D:1      | night the Spriggan Conjurer began the quest for the Orb.
     0 | D:1      | Reached XP level 1. HP: 9/9 MP: 5/5
   179 | D:1      | Reached skill level 3 in Spellcasting
   246 | D:1      | Found Mutinoll's Antique Armour Shoppe.
   260 | D:1      | Reached XP level 2. HP: 14/14 MP: 5/7
   263 | D:1      | Learned a level 2 spell: Searing Ray
   859 | D:1      | Reached skill level 1 in Fighting
   972 | D:1      | Found Zedye's Assorted Antiques.
  1027 | D:1      | Found Zasojoj's Magic Scroll Shop.
  1171 | D:2      | Reached XP level 3. HP: 18/18 MP: 6/8
  1521 | D:2      | Got the Handbook of Changing
  1911 | D:2      | Found an ancient bone altar of Kikubaaqudgha.
  2220 | D:2      | Reached XP level 4. HP: 22/22 MP: 7/10
  2353 | D:2      | Reached skill level 4 in Spellcasting
  2545 | D:2      | Reached skill level 2 in Fighting
  2739 | D:2      | HP: 3/23 [poisoned by an adder]
  3130 | D:3      | Reached XP level 5. HP: 26/26 MP: 8/12
  4160 | D:3      | Found a faded altar of an unknown god.
  4295 | D:4      | Reached skill level 5 in Spellcasting
  4295 | D:4      | Reached XP level 6. HP: 18/32 MP: 4/14
  4438 | D:3      | Learned a level 4 spell: Iskenderun's Mystic Blast
  4443 | D:3      | Learned a level 4 spell: Fulminant Prism
  4567 | D:4      | Noticed a water moccasin
  4573 | D:4      | Killed a water moccasin
  4574 | D:4      | Reached skill level 1 in Hexes
  4574 | D:4      | Reached skill level 1 in Translocations
  5522 | D:4      | Noticed Eustachio
  5630 | D:4      | Killed Eustachio
  5631 | D:4      | Reached skill level 2 in Hexes
  5631 | D:4      | Reached skill level 2 in Translocations
  5631 | D:4      | Reached XP level 7. HP: 36/36 MP: 3/16
  5938 | D:5      | Entered Level 5 of the Dungeon
  5945 | D:5      | Found Beridghe's Book Shoppe.
  6169 | D:5      | Reached skill level 6 in Spellcasting
  6243 | D:5      | Noticed a troll
  6409 | D:5      | HP: 1/37 [troll (13)]
  6464 | D:5      | Mangled by a troll

Illustrated notes

Levels and vault maps discovered:
D:1:      lemuel_arrival_river_ford, layout_rooms, serial_shops,
          nicolae_shop_statue_plus, nicolae_shop_behind_doors,
          nicolae_shop_waterfront
D:2:      layout_rooms, basic_altar, hex_intersection, minmay_fountain_box,
          minmay_snake_closets
D:3:      layout_rooms, ebering_ecumenical_altar_petrified,
          minmay_misc_feat_nine_boxes, minmay_lizard_king
D:4:      layout_basic, st_stairs_9, uniq_eustachio
D:5:      layout_loops_ring, serial_shops, nicolae_shop_waterfront,
          kennysheep_crisscross, kennysheep_generic_room_8

Skill      XL: |  1  2  3  4  5  6  7 |
---------------+----------------------+-----
Conjurations   | 3 4 |  4.6
Spellcasting   | 3 4 5 6 |  6.1
Fighting       | 1 2 3 |  3.6
Hexes          | 2 3 |  3.0
Translocations | 2 3 |  3.0
Dodging        | |  2.6
Stealth        | |  3.0

Action                   |  1- 3 |  4- 6 |  7- 9 || total
-------------------------+-------+-------+-------++-------
Melee: Short sword       |       |     3 |       ||     3
Throw: Dart              |       |       |     5 ||     5
 Cast: Magic Dart        |    96 |   151 |    35 ||   282
       Searing Ray       |     3 |    12 |     6 ||    21
       Fulminant Prism   |       |     1 |     2 ||     3
       Iskenderun's Myst |       |       |     1 ||     1
  Use: Scroll            |     2 |     5 |       ||     7
Armor: Robe              |     1 |     4 |     1 ||     6
Dodge: Dodged            |    14 |    31 |     4 ||    49

Table legend: (Time is in decaauts)
 A = Elapsed time spent in this place.
 B = Non-inter-level travel time spent in this place.
 C = Inter-level travel time spent in this place.
 D = Time resting spent in this place.
 E = Time spent auto-exploring this place.
 F = Levels seen in this place.
 G = Mean time per level.
                   A        B        C        D        E       F      G
               +--------+--------+--------+--------+--------+-----+--------+
         Total |   5396 |   5275 |    121 |    724 |   3804 |   5 | 1079.2 |
       Dungeon |   5396 |   5275 |    121 |    724 |   3804 |   5 | 1079.2 |
               +--------+--------+--------+--------+--------+-----+--------+

Top non-repeatable levels by time:
     D:2: 1874 daAuts
     D:4: 1258 daAuts
     D:1: 967 daAuts
     D:3: 912 daAuts
     D:5: 383 daAuts
